| TOP OF THE 1ST |
|
Columbus Skeeters batting - Pitching for Savannah Indians : LHP Frank DiPino
|
|
Pitching: LHP Frank DiPino
|
|
|
Batting: RHB Randolph Ebersberger
|
0-0: Foul Ball, location: 2F 0-1: Ball 1-1: Ball 2-1: Ball 3-1: Foul Ball, location: 2F 3-2: Foul Ball, location: 2F 3-2: Strikes out swinging
|
|
Batting: RHB Heri Ramirez
|
0-0: Ball 1-0: Called Strike 1-1: Called Strike 1-2: Ball 2-2: Fly out, F9 (Flyball, 89S, EV 84.4 MPH)
|
|
Batting: LHB Sam Horn
|
0-0: Ball 1-0: Ball 2-0: Swinging Strike 2-1: Ball 3-1: Called Strike 3-2: Strikes out looking
|
| Top of the 1st over - 0 runs, 0 hits, 0 errors, 0 left on base; Columbus 0 - Savannah 0 |
| BOTTOM OF THE 1ST |
|
Savannah Indians batting - Pitching for Columbus Skeeters : RHP Ed Wojna
|
|
Pitching: RHP Ed Wojna
|
|
|
Batting: RHB Angel Salazar
|
0-0: Foul Ball, location: 2F 0-1: Ball 1-1: Ball 2-1: Foul Ball, location: 2F 2-2: Fly out, F6 (Flyball, 56D, EV 85.6 MPH)
|
|
Batting: LHB Kelvin Torve
|
0-0: Swinging Strike 0-1: Fly out, F8 (Flyball, 89D, EV 102.5 MPH)
|
|
Batting: LHB Felix Agapay
|
0-0: Ball 1-0: Foul Ball, location: 2F 1-1: Fly out, F8 (Flyball, 8LM, EV 94.4 MPH)
|
| Bottom of the 1st over - 0 runs, 0 hits, 0 errors, 0 left on base; Columbus 0 - Savannah 0 |
| TOP OF THE 2ND |
|
Columbus Skeeters batting - Pitching for Savannah Indians : LHP Frank DiPino
|
|
Batting: RHB Venoy Garrison
|
0-0: Ball 1-0: Ball 2-0: Fly out, F5 (Popup, 56S, EV 74.4 MPH)
|
|
Batting: LHB John Weller
|
0-0: Called Strike 0-1: Called Strike 0-2: Ball 1-2: Strikes out swinging passed ball, reaches first!
|
|
Batting: RHB Danny Sheaffer
|
0-0: Grounds into double play, 5-4-3 (Groundball, 56S, EV 79.4 MPH)
|
| Top of the 2nd over - 0 runs, 0 hits, 0 errors, 0 left on base; Columbus 0 - Savannah 0 |
| BOTTOM OF THE 2ND |
|
Savannah Indians batting - Pitching for Columbus Skeeters : RHP Ed Wojna
|
|
Batting: RHB Wade Rowdon
|
0-0: Foul Ball, location: 2F 0-1: Ball 1-1: Foul Ball, location: 2F 1-2: Ground out 4-3 (Groundball, 4, EV 78.1 MPH)
|
|
Batting: RHB Ramiro Gutierrez
|
0-0: Ball 1-0: Fly out, F9 (Flyball, 9S, EV 90.6 MPH)
|
|
Batting: LHB Roberto Hernandez
|
0-0: Called Strike 0-1: Called Strike 0-2: Ball 1-2: DOUBLE (Line Drive, 78M, EV 108.1 MPH)
|
|
Batting: RHB Eddie Vargas
|
0-0: Ball 1-0: Ball 2-0: Ball 3-0: Base on Balls
|
|
Batting: RHB Mario Diaz
|
0-0: Fly out, F7 (Flyball, 7LM, EV 88.1 MPH)
|
| Bottom of the 2nd over - 0 runs, 1 hit, 0 errors, 2 left on base; Columbus 0 - Savannah 0 |
| TOP OF THE 3RD |
|
Columbus Skeeters batting - Pitching for Savannah Indians : LHP Frank DiPino
|
|
Batting: LHB Jay Erdahl
|
0-0: Ball 1-0: Called Strike 1-1: Foul Ball, location: 2F 1-2: Fly out, F8 (Flyball, 8LXD, EV 101.9 MPH)
|
|
Batting: RHB Joe Redfield
|
0-0: Ball 1-0: Fly out, F7 (Line Drive, 7, EV 95.6 MPH)
|
|
Batting: SHB Mike Howard
|
0-0: Ground out 3-1 (Groundball, 34S, EV 78.8 MPH)
|
| Top of the 3rd over - 0 runs, 0 hits, 0 errors, 0 left on base; Columbus 0 - Savannah 0 |
| BOTTOM OF THE 3RD |
|
Savannah Indians batting - Pitching for Columbus Skeeters : RHP Ed Wojna
|
|
Batting: RHB Dan Plante
|
0-0: Called Strike 0-1: Foul Ball, location: 2F 0-2: Ball 1-2: Foul Ball, location: 2F 1-2: Foul Ball, location: 2F 1-2: Fly out, F8 (Line Drive, 8LD, EV 91.9 MPH)
|
|
Batting: RHB Angel Salazar
|
0-0: Ball 1-0: SINGLE (Line Drive, 34D, EV 95.0 MPH)
|
|
Batting: LHB Kelvin Torve
|
0-0: Ball 1-0: Ball 2-0: Foul Ball, location: 2F 2-1: Ball 3-1: Fly out, F8 (Flyball, 8RD, EV 85.6 MPH)
|
|
Batting: LHB Felix Agapay
|
0-0: Ball Angel Salazar is caught stealing 2nd base 2-6
|
| Bottom of the 3rd over - 0 runs, 1 hit, 0 errors, 0 left on base; Columbus 0 - Savannah 0 |
| TOP OF THE 4TH |
|
Columbus Skeeters batting - Pitching for Savannah Indians : LHP Frank DiPino
|
|
Batting: RHB Randolph Ebersberger
|
0-0: Foul Ball, location: 2F 0-1: Foul Ball, location: 2F 0-2: Foul Ball, location: 2F 0-2: Ball 1-2: Ball 2-2: Foul Ball, location: 2F 2-2: Foul Ball, location: 2F 2-2: Strikes out swinging
|
|
Batting: RHB Heri Ramirez
|
0-0: Ball 1-0: Fly out, F9 (Flyball, 89S, EV 91.9 MPH)
|
|
Batting: LHB Sam Horn
|
0-0: SOLO HOME RUN (Flyball, 9D, EV 105.0 MPH), Distance : 374 ft
|
|
Batting: RHB Venoy Garrison
|
0-0: Swinging Strike 0-1: DOUBLE (Line Drive, 9LM, EV 111.3 MPH)
|
|
Batting: LHB John Weller
|
0-0: Ball 1-0: Ball 2-0: Fly out, F7 (Flyball, 78D, EV 103.8 MPH)
|
| Top of the 4th over - 1 run, 2 hits, 0 errors, 1 left on base; Columbus 1 - Savannah 0 |
| BOTTOM OF THE 4TH |
|
Savannah Indians batting - Pitching for Columbus Skeeters : RHP Ed Wojna
|
|
Batting: LHB Felix Agapay
|
0-0: Called Strike 0-1: Ball 1-1: Foul Ball, location: 2F 1-2: Strikes out swinging
|
|
Batting: RHB Wade Rowdon
|
0-0: Foul Ball, location: 2F 0-1: Swinging Strike 0-2: Fly out, F7 (Line Drive, 7, EV 105.0 MPH)
|
|
Batting: RHB Ramiro Gutierrez
|
0-0: Ball 1-0: Swinging Strike 1-1: Called Strike 1-2: Foul Ball, location: 2F 1-2: Ball 2-2: Fly out, F7 (Flyball, 7LM, EV 92.5 MPH)
|
| Bottom of the 4th over - 0 runs, 0 hits, 0 errors, 0 left on base; Columbus 1 - Savannah 0 |
| TOP OF THE 5TH |
|
Columbus Skeeters batting - Pitching for Savannah Indians : LHP Frank DiPino
|
|
Batting: RHB Danny Sheaffer
|
0-0: Ball 1-0: Ball 2-0: Called Strike 2-1: Foul Ball, location: 2F 2-2: Ball 3-2: Base on Balls
|
|
Batting: LHB Jay Erdahl
|
0-0: Called Strike 0-1: Ball 1-1: Ball 2-1: Swinging Strike 2-2: Foul Ball, location: 2F 2-2: DOUBLE (Line Drive, 9LM, EV 91.3 MPH) Danny Sheaffer to third
|
|
Batting: RHB Joe Redfield
|
0-0: Ball 1-0: Called Strike 1-1: Called Strike 1-2: Strikes out looking
|
|
Batting: SHB Mike Howard
|
0-0: Called Strike 0-1: Ground out 6-3 (Groundball, 6, EV 76.9 MPH) Danny Sheaffer scores Jay Erdahl to third
|
|
Batting: RHB Randolph Ebersberger
|
0-0: Called Strike 0-1: Ball 1-1: Ball 2-1: Foul Ball, location: 2F 2-2: TRIPLE (Line Drive, 78XD, EV 105.6 MPH) Jay Erdahl scores
|
|
Batting: RHB Heri Ramirez
|
0-0: Ball 1-0: Fly out, F9 (Line Drive, 9, EV 87.5 MPH)
|
| Top of the 5th over - 2 runs, 2 hits, 0 errors, 1 left on base; Columbus 3 - Savannah 0 |
| BOTTOM OF THE 5TH |
|
Savannah Indians batting - Pitching for Columbus Skeeters : RHP Ed Wojna
|
|
Batting: LHB Roberto Hernandez
|
0-0: Ball 1-0: Swinging Strike 1-1: Ball 2-1: Foul Ball, location: 2F 2-2: Foul Ball, location: 2F 2-2: Strikes out swinging
|
|
Batting: RHB Eddie Vargas
|
0-0: Called Strike 0-1: Ball 1-1: Swinging Strike 1-2: Strikes out looking
|
|
Batting: RHB Mario Diaz
|
0-0: Swinging Strike 0-1: Swinging Strike 0-2: Foul Ball, location: 2F 0-2: Ground out U3 (Groundball, 34, EV 101.9 MPH)
|
| Bottom of the 5th over - 0 runs, 0 hits, 0 errors, 0 left on base; Columbus 3 - Savannah 0 |
| TOP OF THE 6TH |
|
Columbus Skeeters batting - Pitching for Savannah Indians : LHP Frank DiPino
|
|
Batting: LHB Sam Horn
|
0-0: Ball 1-0: Fly out, F5 (Popup, 5SF, EV 75.6 MPH)
|
|
Batting: RHB Venoy Garrison
|
0-0: Called Strike 0-1: Ground out 6-3 (Groundball, 6M, EV 79.4 MPH)
|
|
Batting: LHB John Weller
|
0-0: SINGLE (Line Drive, 6D, EV 108.1 MPH)
|
|
Batting: RHB Danny Sheaffer
|
0-0: Called Strike 0-1: Called Strike 0-2: Ball 1-2: Fielders Choice at 2nd, 6-4 (Groundball, 6, EV 81.9 MPH)
|
| Top of the 6th over - 0 runs, 1 hit, 0 errors, 1 left on base; Columbus 3 - Savannah 0 |
| BOTTOM OF THE 6TH |
|
Savannah Indians batting - Pitching for Columbus Skeeters : RHP Ed Wojna
|
|
Batting: RHB Dan Plante
|
0-0: Ball 1-0: Ball 2-0: Ground out 1-3 (Groundball, 15S, EV 71.9 MPH)
|
|
Batting: RHB Angel Salazar
|
0-0: Ground out 5-3 (Groundball, 56, EV 97.5 MPH)
|
|
Batting: LHB Kelvin Torve
|
0-0: Foul Ball, location: 2F 0-1: Swinging Strike 0-2: Ball 1-2: Ball 2-2: SINGLE (Groundball, 34D, EV 94.4 MPH)
|
|
Batting: LHB Felix Agapay
|
0-0: Called Strike 0-1: Ball 1-1: Ball 2-1: Foul Ball, location: 2F 2-2: Foul Ball, location: 2F 2-2: Foul Ball, location: 2F 2-2: Fielders Choice at 2nd, 6-4 (Groundball, 6, EV 96.9 MPH)
|
| Bottom of the 6th over - 0 runs, 1 hit, 0 errors, 1 left on base; Columbus 3 - Savannah 0 |
| TOP OF THE 7TH |
|
Columbus Skeeters batting - Pitching for Savannah Indians : LHP Frank DiPino
|
|
Batting: LHB Jay Erdahl
|
0-0: Swinging Strike 0-1: Ball 1-1: Foul Ball, location: 2F 1-2: Ground out U3 (Groundball, 34S, EV 86.3 MPH)
|
|
Batting: RHB Joe Redfield
|
0-0: Foul Ball, location: 2F 0-1: Ball 1-1: Ball 2-1: Ball 3-1: Fly out, F7 (Flyball, 7S, EV 79.4 MPH)
|
|
Batting: SHB Mike Howard
|
0-0: Ground out 4-3 (Groundball, 4, EV 103.8 MPH)
|
| Top of the 7th over - 0 runs, 0 hits, 0 errors, 0 left on base; Columbus 3 - Savannah 0 |
| BOTTOM OF THE 7TH |
|
Savannah Indians batting - Pitching for Columbus Skeeters : RHP Ed Wojna
|
|
Batting: RHB Wade Rowdon
|
0-0: Ball 1-0: Ground out 6-3 (Groundball, 6D, EV 93.8 MPH)
|
|
Batting: RHB Ramiro Gutierrez
|
0-0: Ball 1-0: Ground out 4-3 (Groundball, 34D, EV 102.5 MPH)
|
|
Batting: LHB Roberto Hernandez
|
0-0: Swinging Strike 0-1: Ball 1-1: Fly out, F4 (Flyball, 34D, EV 84.4 MPH)
|
| Bottom of the 7th over - 0 runs, 0 hits, 0 errors, 0 left on base; Columbus 3 - Savannah 0 |
| TOP OF THE 8TH |
|
Columbus Skeeters batting - Pitching for Savannah Indians : LHP Frank DiPino
|
|
Batting: RHB Randolph Ebersberger
|
0-0: Ball 1-0: Called Strike 1-1: Swinging Strike 1-2: Ball 2-2: Ball 3-2: Foul Ball, location: 2F 3-2: Strikes out looking
|
|
Batting: RHB Heri Ramirez
|
0-0: Swinging Strike 0-1: Foul Ball, location: 2F 0-2: Foul Ball, location: 2F 0-2: Foul Ball, location: 2F 0-2: Ball 1-2: Ball 2-2: Strikes out swinging
|
|
Batting: LHB Sam Horn
|
0-0: Ball 1-0: Called Strike 1-1: Ground out 4-3 (Groundball, 4S, EV 93.8 MPH)
|
| Top of the 8th over - 0 runs, 0 hits, 0 errors, 0 left on base; Columbus 3 - Savannah 0 |
| BOTTOM OF THE 8TH |
|
Savannah Indians batting - Pitching for Columbus Skeeters : RHP Ed Wojna
|
|
Batting: RHB Eddie Vargas
|
0-0: Ball 1-0: Ball 2-0: Called Strike 2-1: Called Strike 2-2: Strikes out swinging
|
|
Batting: RHB Mario Diaz
|
0-0: Called Strike 0-1: Ground out 6-3 (Groundball, 6, EV 81.9 MPH)
|
|
Batting: RHB Dan Plante
|
0-0: Ball 1-0: Ball 2-0: Called Strike 2-1: Foul Ball, location: 2F 2-2: Foul Ball, location: 2F 2-2: Foul Ball, location: 2F 2-2: Fly out, F7 (Flyball, 78S, EV 87.5 MPH)
|
| Bottom of the 8th over - 0 runs, 0 hits, 0 errors, 0 left on base; Columbus 3 - Savannah 0 |
| TOP OF THE 9TH |
|
Columbus Skeeters batting - Pitching for Savannah Indians : LHP Frank DiPino
|
|
Batting: RHB Venoy Garrison
|
0-0: Ball 1-0: Ball 2-0: Fly out, F8 (Line Drive, 8RD, EV 93.8 MPH)
|
|
Batting: LHB John Weller
|
0-0: Ground out 4-3 (Groundball, 4, EV 88.8 MPH)
|
|
Batting: RHB Danny Sheaffer
|
0-0: Ball 1-0: Fly out, F7 (Flyball, 78S, EV 95.6 MPH)
|
| Top of the 9th over - 0 runs, 0 hits, 0 errors, 0 left on base; Columbus 3 - Savannah 0 |
| BOTTOM OF THE 9TH |
|
Savannah Indians batting - Pitching for Columbus Skeeters : RHP Ed Wojna
|
|
Batting: RHB Angel Salazar
|
0-0: Ball 1-0: Ground out 5-3 (Groundball, 56, EV 88.8 MPH)
|
|
Batting: LHB Kelvin Torve
|
0-0: Swinging Strike 0-1: Ground out 6-3 (Groundball, 56, EV 101.3 MPH)
|
|
Batting: LHB Felix Agapay
|
0-0: Foul Ball, location: 2F 0-1: Ball 1-1: Ball 2-1: Foul Ball, location: 2F 2-2: Foul Ball, location: 2F 2-2: Fly out, F8 (Flyball, 8RXD, EV 86.3 MPH)
|
| Bottom of the 9th over - 0 runs, 0 hits, 0 errors, 0 left on base; Columbus 3 - Savannah 0 |
|